 Dungeon Crawl Stone Soup version 0.31.0-9-g3a7656b989 (webtiles) character file.

Game seed: 9235892979972694948

35 qw the Shooter (level 3, -1/20 HPs)
             Began as a Deep Elf Hunter on Feb 2, 2024.
             Slain by Terence
             ... wielding a +0 flail
              (3 damage)
             ... on level 2 of the Dungeon.
             The game lasted 00:00:03 (704 turns).

qw the Shooter (Deep Elf Hunter)                     Turns: 704, Time: 00:00:03

Health: -1/20      AC:  4    Str: 10    XL:     3   Next: 17%
Magic:  5/5        EV: 12    Int: 13    God:
Gold:   58         SH:  0    Dex: 18    Spells: 2/2 levels left

rFire   . . .        a - +0 shortbow
rCold   . . .        (shield currently unavailable)
rNeg    + . .        c - +0 leather armour
rPois   .            (no helmet)
rElec   .            (no cloak)
rCorr   .            h - +0 pair of gloves
SInv    .            (no boots)
Will    .....        (no amulet)
Stlth   ++           f - ring of positive energy
HPRegen 0.23/turn    (no ring)
MPRegen 0.09/turn

%: no passive effects
@: no status effects
A: no striking features
a: no special abilities


You were on level 2 of the Dungeon.
You visited 1 branch of the dungeon, and saw 2 of its levels.

You collected 58 gold pieces.


   Skills:
 - Level 1.5 Fighting
 + Level 6.8 Ranged Weapons
 - Level 2.4 Dodging
 - Level 1.2 Stealth


You had 2 spell levels left.
You didn't know any spells.
Your spell library was empty.

Inventory:

Hand Weapons
 a - a +0 shortbow (weapon)
Armour
 c - a +0 leather armour (worn)
 h - a +0 pair of gloves (worn)
Jewellery
 f - a ring of positive energy (left hand)
Scrolls
 b - 3 scrolls of identify
Potions
 d - 2 potions of curing
 e - a potion of heal wounds {unknown}

Dungeon Overview and Level Annotations

Branches:
Dungeon (2/15)

Altars:

Annotations:
D:2 Terence


Message History

You shoot an arrow. The arrow completely misses Terence.
You hear an angry hiss.
A ribbon worm comes into view.
You shoot an arrow.
The arrow hits the ribbon worm but does no damage.
A ball python comes into view.
You shoot an arrow. The ball python hisses angrily.
The arrow hits the ribbon worm.
The ribbon worm is moderately wounded.
You hear an angry hiss.
The ribbon worm expels a string of sticky webbing.
The stream of webbing hits you but does no damage.
You are caught in a web!
Terence shouts, "DIE!!!"
Terence closely misses you.
An adder comes into view.
The web tears apart.
Terence hits you with a +0 flail.
The adder moves out of view.
You shoot an arrow. The arrow hits the ribbon worm!
The ribbon worm is severely wounded.
The ribbon worm barely misses you. Terence closely misses you.
You shoot an arrow. The arrow hits the ribbon worm.
The ribbon worm is almost dead.
The ribbon worm bites you. Terence barely misses you.
You shoot an arrow. The arrow hits the ribbon worm.
The ribbon worm is almost dead.
A giant cockroach comes into view.
The ribbon worm closely misses you. Terence says, "Did you write a will?
You should..."
Terence hits you with a +0 flail!
Ouch! That really hurt!
You shoot an arrow.
The arrow barely misses the ribbon worm.
Terence misses you. The ribbon worm completely misses you.
You shoot an arrow. The arrow hits the ribbon worm.
The ribbon worm is severely wounded.
Terence hits you with a +0 flail.
You die...
Terence says, "That felt goooood."

#.............
##............
#.<.....##....
#.############
#<# ###.# ###
#...#
#...###.###
#w@..# #@####
#S BS ... ....
.#### ##


You could see Terence, a ribbon worm, an adder, a giant cockroach and a ball
python.

Vanquished Creatures
  A dart slug (D:1)
  6 ball pythons
  5 endoplasms (D:1)
  3 giant cockroaches (D:1)
  A goblin (D:1)
  A hobgoblin (D:1)
  3 jackals (D:1)
  2 kobolds (D:1)
  A quokka (D:2)
  3 bats (D:1)
  A frilled lizard (D:1)
  3 rats (D:1)
30 creatures vanquished.

Notes
Turn   | Place    | Note
-------+----------+-------------------------------------------
     0 | D:1      | qw the Deep Elf Hunter began the quest for the Orb.
     0 | D:1      | Reached XP level 1. HP: 12/12 MP: 3/3
     0 | D:1      | 0 ||| qw: Version: 0.3-a-155-g5e7d8dd
     0 | D:1      | 0 ||| qw: Game counter: 2157
     0 | D:1      | 0 ||| qw: Melee chars always use a shield: true
     0 | D:1      | 0 ||| qw: God list: Okawaru
     0 | D:1      | 0 ||| qw: Allow faded altars: false
     0 | D:1      | 0 ||| qw: Do Orc after clearing Dungeon:15 true
     0 | D:1      | 0 ||| qw: Do second Lair branch before Depths: true
     0 | D:1      | 0 ||| qw: Lair rune preference: random
     0 | D:1      | 0 ||| qw: Goals: Normal
     0 | D:1      | 0 ||| PLANNING D:1-11
   151 | D:1      | Reached XP level 2. HP: 16/16 MP: 4/4
   185 | D:1      | Reached skill level 6 in Ranged Weapons
   573 | D:1      | 573 ||| UPGRADING to +0 pair of gloves.
   578 | D:1      | 578 ||| UPGRADING to ring of positive energy.
   579 | D:1      | 579 ||| READING scroll labelled UTHROS NANUOSM.
   579 | D:1      | 579 ||| IDENTIFYING 2 silvery potions
   580 | D:1      | 580 ||| READING scroll labelled XUCKOO ZEOD.
   583 | D:1      | 583 ||| READING scroll labelled WEOCWAIQYNA.
   584 | D:1      | 584 ||| DROPPING scroll of butterflies.
   595 | D:2      | 595 ||| STAIRDANCE
   598 | D:1      | Reached XP level 3. HP: 20/20 MP: 5/5
   600 | D:2      | 600 ||| STAIRDANCE
   602 | D:2      | 602 ||| STAIRDANCE
   613 | D:2      | 613 ||| STAIRDANCE
   623 | D:2      | 623 ||| STAIRDANCE
   695 | D:2      | Noticed Terence
   702 | D:2      | HP: 2/20 [Terence/+0 flail (11)]
   704 | D:2      | Slain by Terence

Levels and vault maps discovered:
D:1:      mushboom_english_gardens, layout_rooms
D:2:      layout_rooms, uniq_sigmund, uniq_terence

Skill      XL: |  1  2 |
---------------+-------+-----
Ranged Weapons | 6 |  6.8
Fighting       | |  1.5
Dodging        | |  2.4
Stealth        | |  1.2

Action                     || total
---------------------------++-------
   Fire: Shortbow          ||    90
    Use: Scroll            ||     3
 Armour: Leather armour    ||    27
  Dodge: Dodged            ||    35

Table legend:
 A = Non-vault XP
 B = Vault XP
 C = Vault XP percentage of total XP
 D = Non-vault monster count
 E = Vault monster count
 F = Vault count percentage of total count
                 A         B        C        D         E       F
            +---------+---------+-------+---------+---------+-------
      Total |      51 |       0 |   0.0 |      30 |       0 |   0.0
            +---------+---------+-------+---------+---------+-------
        D:1 |      48 |       0 |   0.0 |      28 |       0 |   0.0
        D:2 |       3 |       0 |   0.0 |       2 |       0 |   0.0
            +---------+---------+-------+---------+---------+-------
